 Dungeon Crawl Stone Soup version 0.30.1-11-g7821555f0a (webtiles) character file.

Game seed: 5473947793416989688

50 BigPumpCobain the Changer (level 3, -1/28 HPs)
             Began as a Draconian Transmuter on Dec 3, 2023.
             Succumbed to a kobold's poison
             ... on level 3 of the Dungeon.
             The game lasted 00:02:44 (1513 turns).

BigPumpCobain the Changer (Draconian Transmuter)    Turns: 1513, Time: 00:02:45

Health: -1/28      AC:  6    Str: 12    XL:     3   Next: 55%
Magic:  5/6        EV: 12    Int: 15    God:
Gold:   74         SH:  0    Dex: 11    Spells: 2/6 levels left

rFire   . . .        j - +2 dagger (elec)
rCold   . . .        (no shield)
rNeg    + . .        (body armour unavailable)
rPois   .            (helmet currently unavailable)
rElec   .            (no cloak)
rCorr   .            i - +0 pair of gloves
SInv    .            (boots currently unavailable)
Will    .....        (no amulet)
Stlth   +            h - ring of positive energy
HPRegen 0.24/turn    (no ring)
MPRegen 0.10/turn

%: no passive effects
@: lethally poisoned (-1 -> -13), appendages (expiring)
A: horns 2, talons 2, AC +5, unfitting armour, cold-blooded
a: End Transformation


You were on level 3 of the Dungeon.
You had temporarily grown beastly horns and talons.
You visited 1 branch of the dungeon, and saw 3 of its levels.

You collected 74 gold pieces.

Inventory:

Hand Weapons
 j - a +2 dagger of electrocution (weapon)
Armour
 i - a +0 pair of gloves (worn)
Jewellery
 h - a ring of positive energy (left hand)
 l - a ring of protection from fire
Scrolls
 b - a scroll of noise {unknown}
 c - a scroll of fog {unknown}
 d - 3 scrolls of vulnerability {unknown}
 f - 4 scrolls of teleportation {unknown}
 k - a scroll of poison {unknown}
 m - a scroll of blinking {unknown}
 n - a scroll of identify {unknown}
Potions
 a - a potion of lignification
 e - a potion of flight {unknown}
 g - a potion of attraction {unknown}
 o - 2 potions of curing {unknown}


   Skills:
 - Level 1.1 Fighting
 - Level 1.7 Dodging
 - Level 3.0 Unarmed Combat
 - Level 2.0 Spellcasting
 + Level 4.0 Transmutations


You had 2 spell levels left.
You knew the following spells:

 Your Spells              Type           Power      Damage    Failure   Level
a - Beastly Appendage     Tmut           26%        N/A       4%          1
b - Spider Form           Tmut/Pois      7%         N/A       28%         3

Your spell library contained the following spells:

 Spells                   Type           Power      Damage    Failure   Level
 Wereblood                Tmut           13%        N/A       6%          2
 Ice Form                 Ice/Tmut       7%         N/A       67%         4


Dungeon Overview and Level Annotations

Branches:
Dungeon (3/15)

Altars:

Shops:
D:2 ?

Annotations:
D:3 Sigmund


Innate Abilities, Weirdness & Mutations

You have temporarily grown beastly horns and talons.
Your plain brown scales are hard. (AC +5)
You cannot fit into any form of body armour.
You are cold-blooded and may be slowed by cold attacks.


Message History

You barely miss the orc.
The endoplasm quivers.
Your kick misses the orc. Your headbutt misses the orc. You tail-slap the orc.
The orc is almost dead.
You feel very sick. The orc barely misses you.
The kobold throws a poisoned dart.
The poisoned dart barely misses you.
You hit the orc.
You kill the orc!
You feel sick.
The orc wizard gestures at you while chanting.
The magic dart hits you.
Sigmund the Dreaded comes into view.
He is wielding a +0 scythe.
Your Transmutations skill increases to level 4!
You feel sick.
Sigmund shouts!
Sigmund mumbles some strange words.
Sigmund flickers and vanishes!
Your transformation is almost over.
You feel sick.
You see here a ball python corpse.
You barely miss the endoplasm. You claw the endoplasm.
The endoplasm is almost dead.
You feel sick. The endoplasm freezes you.
You are frozen.
* * * LOW HITPOINT WARNING * * *
You hit the endoplasm but do no damage. You tail-slap the endoplasm.
You kill the endoplasm!
You feel sick. The kobold barely misses you.
The orc wizard casts a spell at you. You resist with significant effort.
You feel sick.
The kobold hits you with a +2 whip of venom.
* * * LOW HITPOINT WARNING * * *
You are lethally poisoned!
Something hits you.
* * * LOW HITPOINT WARNING * * *
There is a stone staircase leading up here.
You die...

#...... .#
######...<. .#
......... ..##
....... .....
#....## #..... ..#
#....##.....
.....###.#K...##...
......)..o@........
.....###g.#........
... ##.#####.... .
#..# ... #...# .
#.#... #......
.......


You could see an orc wizard, a hobgoblin and a kobold.

Vanquished Creatures
  An adder (D:2)
  2 dart slugs
  An orc (D:3)
  4 bats
  5 endoplasms
  A giant cockroach (D:2)
  3 hobgoblins
  3 jackals (D:1)
  6 ball pythons
  2 goblins
  3 kobolds
  4 rats
35 creatures vanquished.

Notes
Turn   | Place    | Note
-------+----------+-------------------------------------------
     0 | D:1      | BigPumpCobain the Draconian Transmuter began the quest for
                  | the Orb.
     0 | D:1      | Reached XP level 1. HP: 16/16 MP: 3/3
   283 | D:1      | Reached XP level 2. HP: 23/23 MP: 3/5
   424 | D:1      | Reached skill level 3 in Transmutations
  1085 | D:2      | Reached XP level 3. HP: 28/28 MP: 4/6
  1194 | D:2      | Found The Oracle's Delphic Readings.
  1446 | D:2      | Learned a level 3 spell: Spider Form
  1507 | D:3      | Noticed Sigmund
  1508 | D:3      | Reached skill level 4 in Transmutations
  1513 | D:3      | Succumbed to a kobold's poison

Illustrated notes

Levels and vault maps discovered:
D:1:      spicycebolla_green_bress_n_ham, layout_loops_cross
D:2:      layout_loops_cross, minmay_misc_feat_ornament,
          nicolae_nh_oracle_at_delphi
D:3:      layout_rooms, mainiacjoe_overflow_catwalk,
          mainiacjoe_overflow_alcove_2, grunt_decor_cap, uniq_sigmund,
          uniq_crazy_yiuf_cottage

Skill      XL: |  1  2  3 |
---------------+----------+-----
Transmutations | 3 4 |  4.0
Fighting       | |  1.1
Dodging        | |  1.7
Unarmed Combat | |  3.0
Spellcasting   | |  2.0

Action                     || total
---------------------------++-------
  Melee: Unarmed           ||    23
         Kick              ||    15
         Tailslap          ||    11
         Headbutt          ||     8
         Dagger            ||    43
         Punch             ||     1
   Cast: Beastly Appendage ||    24
   Stab: Sleeping          ||     1
 Armour: Skin              ||    16
  Dodge: Dodged            ||    38
